Eagles vs Marlies

Created - January 20, 2025 at 19:49

Goals
1 2 3 OT1 SO T
Eagles 1 1 2 0 2 5
Marlies 0 2 2 0 0 4
Shots
1 2 3 OT1 SO T
Eagles 8 5 21 0 3 34
Marlies 8 14 10 3 2 35

1st period

1. Eagles , Jack Hughes 17 (Tyler Motte 18, Matteson Iacopelli 13) at 7:42

Penalties :
Joel Farabee (Tor) for Hooking (Minor) at 12:33, Dennis Gilbert (Tor) for Roughing (Minor) at 15:20

2nd period

2. Eagles , Jack Hughes 18 (Matteson Iacopelli 14) at 0:06
3. Marlies , Aleksi Saarela 28 (Joel Farabee 20, Keaton Thompson 4) at 9:49
4. Marlies , Martin Necas 20 (Dennis Gilbert 5) at 15:21 (SH)

Penalties :
Keaton Middleton (Col) for Slashing (Minor) at 4:05, Kevin Bahl (Col) for Unsportsmanlike conduct (Minor) at 10:12, Mathieu Olivier (Tor) for Hooking (Minor) at 14:32

3rd period

5. Marlies , Alex Formenton 8 (Mathieu Olivier 13, Lias Andersson 9) at 4:00 (PP)
6. Eagles , Jared McCann 17 (Gabriel Vilardi 17) at 4:26
7. Marlies , Alex Formenton 9 (Pierre-Olivier Joseph 34, Rasmus Dahlin 19) at 7:10 (PP)
8. Eagles , Keaton Middleton 4 (Michael Carcone 15, Jack Hughes 21) at 19:48

Penalties :
Zach Aston-Reese (Col) for Slashing (Minor) at 1:22, Jack Hughes (Col) for Slashing (Minor) at 3:48, Gabriel Vilardi (Col) for Holding (Minor) at 6:29

Overtime #1

No Goal

Penalties :
No Penalty

Shootout

Eagles, Jack Hughes - Goal!
Marlies, Aleksi Saarela - Stopped by Adin Hill
Eagles, Gabriel Vilardi - Stopped by Logan Thompson
Marlies, Tyler Benson - Stopped by Adin Hill
Eagles, Jared McCann - Goal!

Penalties :
No Penalty

Goalie Stats

Adin Hill (Col), 31 saves from 35 shots - (0.886), W, 12-7-3, 64:05 minutes
Logan Thompson (Tor), 30 saves from 34 shots - (0.882), OTL, 10-9-2, 65:00 minutes

Players Stats for Eagles

Player Name              G  A  P  +/- PIM S  H  SB GA TA FO     MP     PP MP  PK MP  
------------------------------------------------------------------------------------
Brett Leason             0  0  0   0  0   1  0  0  0  0  1/1     9:57   0:00   0:00 
Connor Carrick           0  0  0   0  0   2  1  0  0  0  0/0    22:17   0:00   4:17 
Elmer Soderblom          0  0  0   0  0   1  2  0  0  0  0/0    10:02   0:00   0:08 
Gabriel Vilardi          0  1  1   1  2   4  0  0  0  0  0/1    19:26   2:58   0:32 
Jack Dougherty           0  0  0   0  0   3  2  0  1  0  0/0    22:53   3:10   2:33 
Jack Hughes              2  1  3   3  2   7  0  1  0  0  15/22  18:21   2:59   1:10 
Jared McCann             1  0  1   0  0   2  1  0  1  0  12/20  21:50   2:58   3:23 
Keaton Middleton         1  0  1   1  2   2  4  1  1  0  0/0    24:57   3:10   3:24 
Kevin Bahl               0  0  0   1  2   1  1  2  0  0  0/0    15:01   0:00   0:00 
Matteson Iacopelli       0  2  2   2  0   0  0  0  1  0  1/1    12:45   0:00   0:00 
Matthew Phillips         0  0  0  -1  0   0  1  0  0  0  1/1    13:04   2:59   0:00 
Mattias Samuelsson       0  0  0   1  0   1  4  0  0  0  0/0    21:17   2:47   2:33 
Max Lajoie               0  0  0   1  0   1  2  1  0  0  0/0    18:53   2:47   0:53 
Michael Carcone          0  1  1   1  0   2  2  0  0  0  1/3    20:45   2:58   1:38 
Pius Suter               0  0  0  -1  0   1  0  0  1  0  0/1    14:49   2:59   1:45 
Sam Steel                0  0  0  -1  0   1  0  0  0  1  2/5    12:12   0:00   0:32 
Tyler Motte              0  1  1   2  0   3  1  1  0  1  1/1    17:49   0:00   3:55 
Zach Aston-Reese         0  0  0   0  2   2  0  1  1  0  0/2    11:47   0:00   0:37 

Players Stats for Marlies

Player Name              G  A  P  +/- PIM S  H  SB GA TA FO     MP     PP MP  PK MP  
------------------------------------------------------------------------------------
Aleksi Saarela           1  0  1  -1  0   7  1  1  0  0  11/31  25:20   3:01   3:35 
Alex Formenton           2  0  2   0  0   5  1  0  0  0  0/1    14:38   3:08   0:07 
Dennis Gilbert           0  1  1   1  2   0  2  1  0  0  0/0    18:36   3:03   0:45 
Dmitri Samorukov         0  0  0  -1  0   0  0  2  0  1  0/0    12:37   0:05   1:02 
Isac Lundestrom          0  0  0  -1  0   1  2  1  0  0  2/2     9:18   0:08   0:07 
Jacob Bernard-Docker     0  0  0  -1  0   0  0  0  0  1  0/0    11:51   0:05   0:00 
Joel Farabee             0  1  1   0  2   1  0  2  0  1  4/7    17:07   0:08   0:00 
Jonathan Davidsson       0  0  0   0  0   2  2  3  0  1  2/2    10:35   0:00   1:13 
Keaton Thompson          0  1  1   1  0   1  3  2  1  0  0/0    20:23   3:03   1:47 
Kole Sherwood            0  0  0   0  0   3  3  0  0  0  0/0    11:55   0:41   0:00 
Lias Andersson           0  1  1  -1  0   0  2  0  0  0  0/5    14:11   3:08   0:00 
Martin Necas             1  0  1   0  0   2  2  0  0  0  1/1    22:34   3:00   1:49 
Mathieu Olivier          0  1  1  -1  2   1  1  0  1  0  0/1    16:44   3:09   1:18 
Matthew Highmore         0  0  0   0  0   2  0  0  0  0  4/8    10:24   0:00   0:00 
Otto Koivula             0  0  0  -1  0   0  1  0  0  0  0/0     9:36   0:33   0:00 
Pierre-Olivier Joseph    0  1  1  -2  0   2  2  1  0  2  0/0    31:10   3:42   4:10 
Rasmus Dahlin            0  1  1  -2  0   6  1  0  0  0  0/0    30:24   3:42   4:10 
Tyler Benson             0  0  0  -2  0   2  3  0  0  0  0/0    21:37   3:34   3:45 

3 Stars

1 - Jack Hughes (Col)
2 - Alex Formenton (Tor)
3 - Matteson Iacopelli (Col)

Power Play

Eagles - 0 on 3 Attempt(s) - 0.00%
Marlies - 2 on 5 Attempt(s) - 40.00%

Penalty Kill

Eagles - 3 on 5 Attempt(s) - 60.00% - Score 0 goal in Penalty Kill
Marlies - 3 on 3 Attempt(s) - 100.00% - Score 1 goal in Penalty Kill

Team Stat

Eagles - Hits : 21 - Faceoff Wins : 34 - Blocked Shots : 7 - Penalty Minutes : 10
Marlies - Hits : 26 - Faceoff Wins : 24 - Blocked Shots : 13 - Penalty Minutes : 6

Official

Referees : Steve Kozari and Kevin Pollock
Linesman : Derek Amell and Travis Toomey

Game Notes

No Game Note

Finance

Level 1 -- Attendance: 2000 (100.00%) -- Ticket Income $140,000
Level 2 -- Attendance: 885 (88.50%) -- Ticket Income $35,400
Total Attendance: 2885 (96.17%)
Total Ticket Income: $175,400
Other Income: $8,770
Total Income: $184,170

Eagles

5 vs 5 Forward 
   Center                   Left Wing                Right Wing               Time % Phy DF OF 
 1 Jared McCann             Michael Carcone          Gabriel Vilardi          35     1   2  2  
 2 Jack Hughes              Tyler Motte              Matteson Iacopelli       34     1   2  2  
 3 Sam Steel                Pius Suter               Matthew Phillips         21     1   2  2  
 4 Zach Aston-Reese         Elmer Soderblom          Brett Leason             10     1   2  2  

5 vs 5 Defense 
   Defense                  Defense                                           Time % Phy DF OF 
 1 Connor Carrick           Keaton Middleton                                  33     1   2  2  
 2 Jack Dougherty           Mattias Samuelsson                                32     1   2  2  
 3 Kevin Bahl               Max Lajoie                                        30     1   3  1  
 4 Keaton Middleton         Mattias Samuelsson                                5      1   2  2  

PowerPlay Forward 
   Center                   Left Wing                Right Wing               Time % Phy DF OF 
 1 Jared McCann             Michael Carcone          Gabriel Vilardi          50     1   1  3  
 2 Jack Hughes              Pius Suter               Matthew Phillips         50     1   1  3  

PowerPlay Defense
   Defense                  Defense                                           Time % Phy DF OF 
 1 Jack Dougherty           Keaton Middleton                                  55     1   1  3  
 2 Max Lajoie               Mattias Samuelsson                                45     1   1  3  

Penalty Kill 4 Players Forward 
   Center                   Wing                     Time % Phy DF OF 
 1 Jared McCann             Tyler Motte              65     1   3  1  
 2 Sam Steel                Gabriel Vilardi          35     1   3  1  

Penalty Kill 4 Players Defense
   Defense                  Defense                  Time % Phy DF OF 
 1 Keaton Middleton         Connor Carrick           65     1   3  1  
 2 Jack Dougherty           Mattias Samuelsson       35     1   3  1  

Penalty Kill - 3 Players Forward 
   Forward                                           Time % Phy DF OF 
 1 Jared McCann                                      65     1   4  0  
 2 Tyler Motte                                       35     1   4  0  

Penalty Kill - 3 Players Defense
   Defense                  Defense                  Time % Phy DF OF 
 1 Keaton Middleton         Connor Carrick           70     1   4  0  
 2 Jack Dougherty           Mattias Samuelsson       30     1   4  0  

4 vs 4 Forward 
   Center                   Wing                     Time % Phy DF OF 
 1 Jared McCann             Michael Carcone          50     1   2  2  
 2 Jack Hughes              Gabriel Vilardi          50     1   2  2  

4 vs 4 Defense
   Defense                  Defense                  Time % Phy DF OF 
 1 Connor Carrick           Jack Dougherty           50     1   2  2  
 2 Keaton Middleton         Max Lajoie               50     1   2  2  

Last Minutes Offensive
   Center                   Left Wing                Right Wing               Defense                  Defense                  
   Jack Hughes              Michael Carcone          Gabriel Vilardi          Jack Dougherty           Keaton Middleton         

Last Minutes Defensive
   Center                   Left Wing                Right Wing               Defense                  Defense                  
   Jared McCann             Tyler Motte              Gabriel Vilardi          Connor Carrick           Keaton Middleton         

Goaltenders
Starting : Adin Hill                
Backup : Daniel Altshuller        

Extra Forwards
Normal : Zach Aston-Reese, Brett Leason, Elmer Soderblom - PP : Zach Aston-Reese, Brett Leason - PK : Michael Carcone
Extra Defensemen
Normal : Kevin Bahl, Max Lajoie, Mattias Samuelsson - PP : Connor Carrick - PK : Max Lajoie, Kevin Bahl
Penalty Shots
Jack Hughes, Gabriel Vilardi, Jared McCann, Pius Suter, Brett Leason
Custom OT Lines Forwards
Jared McCann, Michael Carcone, Zach Aston-Reese, Tyler Motte, Gabriel Vilardi, Sam Steel, Jack Hughes, Matteson Iacopelli, Pius Suter, Elmer Soderblom
Custom OT Lines Defensemen
Connor Carrick, Jack Dougherty, Keaton Middleton, Max Lajoie, Mattias Samuelsson

Scratches
Chris Calhan (Healthy), Dominik Kubalik (Healthy), Jonathan Racine (Healthy), Mark Friedman (Healthy), Tyler Tucker (Healthy)
Michael Dal Colle (Healthy), Xavier Ouellet (Healthy), Alexander Nylander (Healthy), Pascal Laberge (Healthy), Marian Studenic (Healthy)
Ilya Nikolaev (Healthy), Santeri Hatakka (Healthy), Jacob Leguerrier (Healthy), Zachary Emond (Healthy), Linus Ullmark (Healthy)
Hugo Alnefelt (Healthy)

Marlies

5 vs 5 Forward 
   Center                   Left Wing                Right Wing               Time % Phy DF OF 
 1 Aleksi Saarela           Joel Farabee             Martin Necas             40     1   2  2  
 2 Lias Andersson           Tyler Benson             Mathieu Olivier          30     1   2  2  
 3 Matthew Highmore         Alex Formenton           Kole Sherwood            20     1   2  2  
 4 Isac Lundestrom          Otto Koivula             Jonathan Davidsson       10     1   2  2  

5 vs 5 Defense 
   Defense                  Defense                                           Time % Phy DF OF 
 1 Pierre-Olivier Joseph    Rasmus Dahlin                                     40     1   2  2  
 2 Keaton Thompson          Dennis Gilbert                                    30     1   2  2  
 3 Jacob Bernard-Docker     Dmitri Samorukov                                  20     1   2  2  
 4 Pierre-Olivier Joseph    Rasmus Dahlin                                     10     1   2  2  

PowerPlay Forward 
   Center                   Left Wing                Right Wing               Time % Phy DF OF 
 1 Aleksi Saarela           Tyler Benson             Martin Necas             60     1   2  2  
 2 Lias Andersson           Alex Formenton           Mathieu Olivier          40     1   2  2  

PowerPlay Defense
   Defense                  Defense                                           Time % Phy DF OF 
 1 Pierre-Olivier Joseph    Rasmus Dahlin                                     60     1   2  2  
 2 Dennis Gilbert           Keaton Thompson                                   40     1   2  2  

Penalty Kill 4 Players Forward 
   Center                   Wing                     Time % Phy DF OF 
 1 Aleksi Saarela           Tyler Benson             60     1   2  2  
 2 Martin Necas             Mathieu Olivier          40     1   2  2  

Penalty Kill 4 Players Defense
   Defense                  Defense                  Time % Phy DF OF 
 1 Pierre-Olivier Joseph    Rasmus Dahlin            60     1   2  2  
 2 Keaton Thompson          Dennis Gilbert           40     1   2  2  

Penalty Kill - 3 Players Forward 
   Forward                                           Time % Phy DF OF 
 1 Aleksi Saarela                                    60     1   2  2  
 2 Tyler Benson                                      40     1   2  2  

Penalty Kill - 3 Players Defense
   Defense                  Defense                  Time % Phy DF OF 
 1 Pierre-Olivier Joseph    Rasmus Dahlin            60     1   2  2  
 2 Dennis Gilbert           Keaton Thompson          40     1   2  2  

4 vs 4 Forward 
   Center                   Wing                     Time % Phy DF OF 
 1 Aleksi Saarela           Tyler Benson             60     1   2  2  
 2 Martin Necas             Mathieu Olivier          40     1   2  2  

4 vs 4 Defense
   Defense                  Defense                  Time % Phy DF OF 
 1 Pierre-Olivier Joseph    Rasmus Dahlin            60     1   2  2  
 2 Dennis Gilbert           Keaton Thompson          40     1   2  2  

Last Minutes Offensive
   Center                   Left Wing                Right Wing               Defense                  Defense                  
   Aleksi Saarela           Tyler Benson             Martin Necas             Pierre-Olivier Joseph    Rasmus Dahlin            

Last Minutes Defensive
   Center                   Left Wing                Right Wing               Defense                  Defense                  
   Aleksi Saarela           Tyler Benson             Martin Necas             Pierre-Olivier Joseph    Rasmus Dahlin            

Goaltenders
Starting : Logan Thompson           
Backup : Maxime Lagace            

Extra Forwards
Normal : Otto Koivula, Martin Necas, Jonathan Davidsson - PP : Otto Koivula, Kole Sherwood - PK : Jonathan Davidsson
Extra Defensemen
Normal : Dennis Gilbert, Dmitri Samorukov, Jacob Bernard-Docker - PP : Dennis Gilbert - PK : Dmitri Samorukov, Jacob Bernard-Docker
Penalty Shots
Aleksi Saarela, Tyler Benson, Martin Necas, Mathieu Olivier, Alex Formenton
Custom OT Lines Forwards
Aleksi Saarela, Tyler Benson, Martin Necas, Mathieu Olivier, Alex Formenton, Joel Farabee, Kole Sherwood, Lias Andersson, Matthew Highmore, Otto Koivula
Custom OT Lines Defensemen
Pierre-Olivier Joseph, Rasmus Dahlin, Keaton Thompson, Dennis Gilbert, Dmitri Samorukov

Scratches
Jonathan Gruden (Healthy), Jakob Forsbacka-Karlsson (Sprained Right Knee Injury), Xavier Bernard (Healthy), Lucas Carlsson (Bruised Left Foot Injury), Hugh McGing (Healthy)
Jan Jenik (Healthy), Blake Murray (Healthy), Vasili Podkolzin (Healthy), Samuel Fagemo (Healthy), Arthur Kaliyev (Healthy)
Veini Vehvilainen (Healthy), Matthew Thiessen (Healthy)

% Time on Ice - Eagles

Lines # - Real PCT - Wanted PCT - Time Play
Normal Forward
1 - 29% - 35% - 13:33
2 - 28% - 34% - 13:06
3 - 21% - 21% - 9:50
4 - 21% - 10% - 9:54
Normal Defense
1 - 34% - 33% - 15:49
2 - 33% - 32% - 15:22
3 - 32% - 30% - 14:37
4 - 1% - 5% - 0:35
PP Forward
1 - 50% - 50% - 2:58
2 - 50% - 50% - 2:59
PP Defense
1 - 53% - 55% - 3:10
2 - 47% - 45% - 2:47
PK Forward
1 - 92% - 65% - 6:18
2 - 8% - 35% - 0:32
PK Defense
1 - 63% - 65% - 4:17
2 - 37% - 35% - 2:33
PK3 Forward
1 - 0% - 65%
2 - 0% - 35%
PK3 Defense
1 - 0% - 70%
2 - 0% - 30%
44 Forward
1 - 0% - 50%
2 - 0% - 50%
44 Defense
1 - 0% - 50%
2 - 0% - 50%
Last Minute Offensive  - 0:50
Last Minute Defensive  - 0:00
Total
Forward - 60:00
Defense - 60:00

% Time on Ice - Marlies

Lines # - Real PCT - Wanted PCT - Time Play
Normal Forward
1 - 34% - 40% - 15:55
2 - 24% - 30% - 11:04
3 - 22% - 20% - 10:24
4 - 19% - 10% - 9:03
Normal Defense
1 - 40% - 40% - 18:46
2 - 32% - 30% - 14:54
3 - 24% - 20% - 11:21
4 - 3% - 10% - 1:25
PP Forward
1 - 54% - 60% - 3:42
2 - 46% - 40% - 3:08
PP Defense
1 - 54% - 60% - 3:42
2 - 46% - 40% - 3:08
PK Forward
1 - 69% - 60% - 4:08
2 - 31% - 40% - 1:49
PK Defense
1 - 70% - 60% - 4:10
2 - 30% - 40% - 1:47
PK3 Forward
1 - 0% - 60%
2 - 0% - 40%
PK3 Defense
1 - 0% - 60%
2 - 0% - 40%
44 Forward
1 - 0% - 60%
2 - 0% - 40%
44 Defense
1 - 0% - 60%
2 - 0% - 40%
Last Minute Offensive  - 0:00
Last Minute Defensive  - 0:47
Total
Forward - 60:00
Defense - 60:00

Play-by-Play

1st period


0:01 of 1st period - Jared McCann wins face-off versus Aleksi Saarela in neutral zone.
0:38 of 1st period - Wrist shot by Lias Andersson.
0:38 of 1st period - Shot Blocked by Tyler Motte.
0:52 of 1st period - Snap shot by Sam Steel.
0:52 of 1st period - Deflect By Pius Suter.
0:52 of 1st period - Shot Misses the Net.
0:52 of 1st period - Puck is out of play.
0:53 of 1st period - Isac Lundestrom wins face-off versus Sam Steel in Marlies zone.
1:39 of 1st period - Dennis Gilbert is hit by Michael Carcone and loses puck.
1:56 of 1st period - Gabriel Vilardi is hit by Kole Sherwood and loses puck.
2:02 of 1st period - Off-side.
2:03 of 1st period - Jack Hughes wins face-off versus Aleksi Saarela in neutral zone.
3:33 of 1st period - Off-side.
3:34 of 1st period - Jack Hughes wins face-off versus Lias Andersson in neutral zone.
4:03 of 1st period - Snap shot by Martin Necas.
4:03 of 1st period - Shot Misses the Net.
4:23 of 1st period - Wrist shot by Pius Suter.
4:23 of 1st period - Shot Blocked by Dmitri Samorukov.
4:29 of 1st period - Mattias Samuelsson is hit by Otto Koivula and loses puck.
4:40 of 1st period - Slapshot by Jack Dougherty.
4:40 of 1st period - Shot Hit the Post.
5:42 of 1st period - Wrist shot by Isac Lundestrom.
5:42 of 1st period - Shot Misses the Net.
5:52 of 1st period - Wrist shot by Pierre-Olivier Joseph.
5:52 of 1st period - Stopped by Adin Hill without a rebound.
5:53 of 1st period - Jack Hughes wins face-off versus Joel Farabee in Eagles zone.
6:06 of 1st period - Wrist shot by Jack Hughes.
6:06 of 1st period - Shot Blocked by Joel Farabee.
6:08 of 1st period - Slapshot by Keaton Middleton.
6:08 of 1st period - Stopped by Logan Thompson without a rebound.
6:09 of 1st period - Jared McCann wins face-off versus Lias Andersson in Marlies zone.
6:21 of 1st period - Off-side.
6:22 of 1st period - Jack Hughes wins face-off versus Aleksi Saarela in neutral zone.
6:47 of 1st period - Kevin Bahl is hit by Kole Sherwood and loses puck.
7:42 of 1st period - Wrist shot by Tyler Motte.
7:42 of 1st period - Deflect By Jack Hughes.
7:42 of 1st period - Goal by Jack Hughes - Eagles : 1 - Marlies : 0.
7:43 of 1st period - Matteson Iacopelli wins face-off versus Aleksi Saarela in neutral zone.
9:04 of 1st period - Otto Koivula is hit by Connor Carrick and loses puck.
10:00 of 1st period - Wrist shot by Kole Sherwood.
10:00 of 1st period - Stopped by Adin Hill without a rebound.
10:01 of 1st period - Sam Steel wins face-off versus Matthew Highmore in Eagles zone.
10:10 of 1st period - Snap shot by Sam Steel.
10:10 of 1st period - Stopped by Logan Thompson without a rebound.
10:11 of 1st period - Aleksi Saarela wins face-off versus Jack Hughes in Marlies zone.
11:40 of 1st period - Slapshot by Aleksi Saarela.
11:40 of 1st period - Stopped by Adin Hill with a rebound.
11:46 of 1st period - Wrist shot by Jack Hughes.
11:46 of 1st period - Deflect By Tyler Motte.
11:46 of 1st period - Shot Blocked by Keaton Thompson.
11:46 of 1st period - Puck is out of play.
11:47 of 1st period - Aleksi Saarela wins face-off versus Jared McCann in Marlies zone.
11:52 of 1st period - Snap shot by Aleksi Saarela.
11:52 of 1st period - Shot Misses the Net.
11:54 of 1st period - Snap shot by Aleksi Saarela.
11:54 of 1st period - Stopped by Adin Hill without a rebound.
11:55 of 1st period - Jared McCann wins face-off versus Aleksi Saarela in Eagles zone.
12:04 of 1st period - Snap shot by Gabriel Vilardi.
12:04 of 1st period - Stopped by Logan Thompson with a rebound.
12:10 of 1st period - Snap shot by Jared McCann.
12:10 of 1st period - Shot Misses the Net.
12:33 of 1st period - Minor Penalty to Joel Farabee for Hooking.
12:34 of 1st period - Aleksi Saarela wins face-off versus Jack Hughes in Marlies zone.
12:42 of 1st period - Wrist shot by Tyler Benson.
12:42 of 1st period - Stopped by Adin Hill with a rebound.
12:44 of 1st period - Slapshot by Rasmus Dahlin.
12:44 of 1st period - Stopped by Adin Hill with a rebound.
13:27 of 1st period - Icing by Jack Hughes.
13:28 of 1st period - Jonathan Davidsson wins face-off versus Jack Hughes in Eagles zone.
13:29 of 1st period - Snap shot by Tyler Benson.
13:29 of 1st period - Deflect By Jonathan Davidsson.
13:29 of 1st period - Shot Misses the Net.
13:29 of 1st period - Puck is out of play.
13:30 of 1st period - Jonathan Davidsson wins face-off versus Jared McCann in Eagles zone.
13:33 of 1st period - Wrist shot by Jonathan Davidsson.
13:33 of 1st period - Stopped by Adin Hill without a rebound.
13:34 of 1st period - Jared McCann wins face-off versus Aleksi Saarela in Eagles zone.
14:26 of 1st period - Icing by Mattias Samuelsson.
14:27 of 1st period - Jared McCann wins face-off versus Aleksi Saarela in Eagles zone.
14:33 of 1st period - Penalty to Joel Farabee is over, Joel Farabee is back on ice.
14:38 of 1st period - Dennis Gilbert is hit by Mattias Samuelsson and loses puck.
15:20 of 1st period - Minor Penalty to Dennis Gilbert for Roughing.
15:21 of 1st period - Jack Hughes wins face-off versus Aleksi Saarela in Marlies zone.
16:04 of 1st period - Wrist shot by Gabriel Vilardi.
16:04 of 1st period - Shot Misses the Net.
17:20 of 1st period - Penalty to Dennis Gilbert is over, Dennis Gilbert is back on ice.
17:37 of 1st period - Wrist shot by Alex Formenton.
17:37 of 1st period - Stopped by Adin Hill without a rebound.
17:38 of 1st period - Isac Lundestrom wins face-off versus Zach Aston-Reese in Eagles zone.
17:53 of 1st period - Max Lajoie is hit by Jonathan Davidsson and loses puck.
18:10 of 1st period - Snap shot by Jack Hughes.
18:10 of 1st period - Stopped by Logan Thompson with a rebound.
18:12 of 1st period - Snap shot by Tyler Motte.
18:12 of 1st period - Stopped by Logan Thompson with a rebound.
18:19 of 1st period - Icing by Kole Sherwood.
18:20 of 1st period - Aleksi Saarela wins face-off versus Pius Suter in Marlies zone.
18:27 of 1st period - Snap shot by Pius Suter.
18:27 of 1st period - Shot Misses the Net.
18:56 of 1st period - Keaton Middleton is hit by Lias Andersson and loses puck.
19:13 of 1st period - Slapshot by Jack Hughes.
19:13 of 1st period - Stopped by Logan Thompson with a rebound.
19:15 of 1st period - Slapshot by Connor Carrick.
19:15 of 1st period - Stopped by Logan Thompson without a rebound.
19:16 of 1st period - Jack Hughes wins face-off versus Aleksi Saarela in Marlies zone.
19:29 of 1st period - Backhand shot by Jack Hughes.
19:29 of 1st period - Shot Misses the Net.
19:43 of 1st period - Dennis Gilbert is hit by Jack Dougherty.
Goals for this period are 1 for Eagles vs 0 for Marlies.
Shots for this period are 8 for Eagles vs 8 for Marlies.

2nd period


0:01 of 2nd period - Jack Hughes wins face-off versus Aleksi Saarela in neutral zone.
0:06 of 2nd period - Snap shot by Jack Hughes.
0:06 of 2nd period - Goal by Jack Hughes - Eagles : 2 - Marlies : 0.
0:07 of 2nd period - Aleksi Saarela wins face-off versus Jack Hughes in neutral zone.
0:36 of 2nd period - Snap shot by Kole Sherwood.
0:36 of 2nd period - Stopped by Adin Hill with a rebound.
0:38 of 2nd period - Snap shot by Kole Sherwood.
0:38 of 2nd period - Shot Misses the Net.
0:40 of 2nd period - Slapshot by Dennis Gilbert.
0:40 of 2nd period - Shot Misses the Net.
1:17 of 2nd period - Pius Suter is hit by Dennis Gilbert and loses puck.
1:51 of 2nd period - Wrist shot by Pierre-Olivier Joseph.
1:51 of 2nd period - Stopped by Adin Hill without a rebound.
1:52 of 2nd period - Jared McCann wins face-off versus Lias Andersson in Eagles zone.
2:08 of 2nd period - Slapshot by Michael Carcone.
2:08 of 2nd period - Shot Misses the Net.
2:18 of 2nd period - Tyler Motte is hit by Aleksi Saarela and loses puck.
2:27 of 2nd period - Slapshot by Aleksi Saarela.
2:27 of 2nd period - Stopped by Adin Hill without a rebound.
2:28 of 2nd period - Joel Farabee wins face-off versus Jared McCann in Eagles zone.
2:37 of 2nd period - Wrist shot by Aleksi Saarela.
2:37 of 2nd period - Stopped by Adin Hill without a rebound.
2:38 of 2nd period - Joel Farabee wins face-off versus Jared McCann in Eagles zone.
3:01 of 2nd period - Gabriel Vilardi is hit by Rasmus Dahlin and loses puck.
3:14 of 2nd period - Wrist shot by Aleksi Saarela.
3:14 of 2nd period - Shot Misses the Net.
3:16 of 2nd period - Slapshot by Martin Necas.
3:16 of 2nd period - Stopped by Adin Hill with a rebound.
3:32 of 2nd period - Snap shot by Aleksi Saarela.
3:32 of 2nd period - Shot Misses the Net.
3:42 of 2nd period - Wrist shot by Martin Necas.
3:42 of 2nd period - Shot Blocked by Keaton Middleton.
3:46 of 2nd period - Snap shot by Joel Farabee.
3:46 of 2nd period - Shot Misses the Net.
3:48 of 2nd period - Slapshot by Aleksi Saarela.
3:48 of 2nd period - Stopped by Adin Hill with a rebound.
4:05 of 2nd period - Minor Penalty to Keaton Middleton for Slashing.
4:06 of 2nd period - Jack Hughes wins face-off versus Lias Andersson in Eagles zone.
5:17 of 2nd period - Max Lajoie is hit by Pierre-Olivier Joseph and loses puck.
5:58 of 2nd period - Jack Dougherty is hit by Dennis Gilbert and loses puck.
6:05 of 2nd period - Penalty to Keaton Middleton is over, Keaton Middleton is back on ice.
6:53 of 2nd period - Slapshot by Jack Dougherty.
6:53 of 2nd period - Shot Blocked by Aleksi Saarela.
7:21 of 2nd period - Matthew Highmore is hit by Max Lajoie and loses puck.
8:33 of 2nd period - Dennis Gilbert is hit by Keaton Middleton and loses puck.
9:42 of 2nd period - Sam Steel is hit by Keaton Thompson and loses puck.
9:47 of 2nd period - Wrist shot by Joel Farabee.
9:47 of 2nd period - Stopped by Adin Hill with a rebound.
9:49 of 2nd period - Snap shot by Aleksi Saarela.
9:49 of 2nd period - Goal by Aleksi Saarela - Eagles : 2 - Marlies : 1.
9:50 of 2nd period - Jack Hughes wins face-off versus Joel Farabee in neutral zone.
9:53 of 2nd period - Jack Hughes is hit by Martin Necas and loses puck.
10:12 of 2nd period - Minor Penalty to Kevin Bahl for Unsportsmanlike conduct.
10:13 of 2nd period - Martin Necas wins face-off versus Jared McCann in Eagles zone.
12:04 of 2nd period - Slapshot by Gabriel Vilardi.
12:04 of 2nd period - Shot Misses the Net.
12:12 of 2nd period - Penalty to Kevin Bahl is over, Kevin Bahl is back on ice.
12:12 of 2nd period - Slapshot by Gabriel Vilardi.
12:12 of 2nd period - Shot Hit the Post.
12:36 of 2nd period - Wrist shot by Jonathan Davidsson.
12:36 of 2nd period - Deflect By Isac Lundestrom.
12:36 of 2nd period - Stopped by Adin Hill without a rebound.
12:37 of 2nd period - Brett Leason wins face-off versus Matthew Highmore in Eagles zone.
12:42 of 2nd period - Max Lajoie is hit by Kole Sherwood and loses puck.
13:00 of 2nd period - Matteson Iacopelli is hit by Jonathan Davidsson and loses puck.
13:09 of 2nd period - Slapshot by Rasmus Dahlin.
13:09 of 2nd period - Stopped by Adin Hill without a rebound.
13:10 of 2nd period - Jared McCann wins face-off versus Matthew Highmore in Eagles zone.
14:32 of 2nd period - Minor Penalty to Mathieu Olivier for Hooking.
14:33 of 2nd period - Aleksi Saarela wins face-off versus Jack Hughes in Marlies zone.
14:33 of 2nd period - Aleksi Saarela is hit by Mattias Samuelsson.
15:21 of 2nd period - Wrist shot by Martin Necas.
15:21 of 2nd period - Goal by Martin Necas - Eagles : 2 - Marlies : 2.
15:22 of 2nd period - Jack Hughes wins face-off versus Aleksi Saarela in neutral zone.
15:35 of 2nd period - Snap shot by Jack Hughes.
15:35 of 2nd period - Stopped by Logan Thompson with a rebound.
15:37 of 2nd period - Snap shot by Jack Dougherty.
15:37 of 2nd period - Stopped by Logan Thompson without a rebound.
15:38 of 2nd period - Aleksi Saarela wins face-off versus Jared McCann in Marlies zone.
15:38 of 2nd period - Aleksi Saarela is hit by Keaton Middleton.
15:48 of 2nd period - Slapshot by Jack Dougherty.
15:48 of 2nd period - Stopped by Logan Thompson with a rebound.
16:04 of 2nd period - Tyler Benson is hit by Jack Dougherty.
16:08 of 2nd period - Snap shot by Jack Hughes.
16:08 of 2nd period - Shot Misses the Net.
16:10 of 2nd period - Snap shot by Jack Hughes.
16:10 of 2nd period - Shot Blocked by Jonathan Davidsson.
16:12 of 2nd period - Slapshot by Mattias Samuelsson.
16:12 of 2nd period - Stopped by Logan Thompson with a rebound.
16:14 of 2nd period - Snap shot by Jack Hughes.
16:14 of 2nd period - Shot Misses the Net.
16:32 of 2nd period - Penalty to Mathieu Olivier is over, Mathieu Olivier is back on ice.
16:42 of 2nd period - Martin Necas is hit by Matthew Phillips and loses puck.
17:15 of 2nd period - Snap shot by Tyler Benson.
17:15 of 2nd period - Stopped by Adin Hill with a rebound.
17:25 of 2nd period - Wrist shot by Tyler Motte.
17:25 of 2nd period - Shot Blocked by Isac Lundestrom.
18:54 of 2nd period - Wrist shot by Jonathan Davidsson.
18:54 of 2nd period - Stopped by Adin Hill with a rebound.
19:08 of 2nd period - Kevin Bahl is hit by Tyler Benson and loses puck.
19:19 of 2nd period - Wrist shot by Alex Formenton.
19:19 of 2nd period - Deflect By Kole Sherwood.
19:19 of 2nd period - Shot Misses the Net.
19:19 of 2nd period - Puck is out of play.
19:20 of 2nd period - Matthew Highmore wins face-off versus Zach Aston-Reese in Eagles zone.
19:45 of 2nd period - Elmer Soderblom is hit by Tyler Benson and loses puck.
19:50 of 2nd period - Slapshot by Rasmus Dahlin.
19:50 of 2nd period - Stopped by Adin Hill without a rebound.
19:51 of 2nd period - Tyler Motte wins face-off versus Lias Andersson in Eagles zone.
19:56 of 2nd period - Pierre-Olivier Joseph is hit by Tyler Motte.
Goals for this period are 1 for Eagles vs 2 for Marlies.
Shots for this period are 5 for Eagles vs 14 for Marlies.

3rd period


0:01 of 3rd period - Joel Farabee wins face-off versus Jack Hughes in neutral zone.
0:03 of 3rd period - Off-side.
0:04 of 3rd period - Jack Hughes wins face-off versus Aleksi Saarela in neutral zone.
0:38 of 3rd period - Wrist shot by Mathieu Olivier.
0:38 of 3rd period - Stopped by Adin Hill with a rebound.
1:22 of 3rd period - Minor Penalty to Zach Aston-Reese for Slashing.
1:23 of 3rd period - Jared McCann wins face-off versus Aleksi Saarela in Eagles zone.
1:39 of 3rd period - Wrist shot by Aleksi Saarela.
1:39 of 3rd period - Stopped by Adin Hill without a rebound.
1:40 of 3rd period - Aleksi Saarela wins face-off versus Jared McCann in Eagles zone.
1:55 of 3rd period - Connor Carrick is hit by Martin Necas and loses puck.
2:30 of 3rd period - Michael Carcone is hit by Keaton Thompson and loses puck.
2:41 of 3rd period - Pius Suter is hit by Lias Andersson.
2:45 of 3rd period - Mathieu Olivier is hit by Michael Carcone and loses puck.
3:22 of 3rd period - Penalty to Zach Aston-Reese is over, Zach Aston-Reese is back on ice.
3:46 of 3rd period - Wrist shot by Matthew Highmore.
3:46 of 3rd period - Stopped by Adin Hill with a rebound.
3:48 of 3rd period - Minor Penalty to Jack Hughes for Slashing.
3:49 of 3rd period - Jared McCann wins face-off versus Alex Formenton in Eagles zone.
3:58 of 3rd period - Backhand shot by Mathieu Olivier.
3:58 of 3rd period - Shot Misses the Net.
4:00 of 3rd period - Snap shot by Alex Formenton.
4:00 of 3rd period - Goal by Alex Formenton - Eagles : 2 - Marlies : 3.
4:01 of 3rd period - Jack Hughes wins face-off versus Aleksi Saarela in neutral zone.
4:26 of 3rd period - Wrist shot by Jared McCann.
4:26 of 3rd period - Goal by Jared McCann - Eagles : 3 - Marlies : 3.
4:27 of 3rd period - Jack Hughes wins face-off versus Aleksi Saarela in neutral zone.
4:36 of 3rd period - Wrist shot by Tyler Motte.
4:36 of 3rd period - Shot Blocked by Pierre-Olivier Joseph.
4:38 of 3rd period - Snap shot by Tyler Motte.
4:38 of 3rd period - Stopped by Logan Thompson with a rebound.
4:40 of 3rd period - Slapshot by Jack Dougherty.
4:40 of 3rd period - Stopped by Logan Thompson with a rebound.
4:42 of 3rd period - Slapshot by Matteson Iacopelli.
4:42 of 3rd period - Shot Blocked by Joel Farabee.
5:34 of 3rd period - Snap shot by Tyler Motte.
5:34 of 3rd period - Stopped by Logan Thompson with a rebound.
5:36 of 3rd period - Snap shot by Max Lajoie.
5:36 of 3rd period - Shot Blocked by Keaton Thompson.
5:38 of 3rd period - Snap shot by Kevin Bahl.
5:38 of 3rd period - Stopped by Logan Thompson with a rebound.
5:40 of 3rd period - Backhand shot by Jack Hughes.
5:40 of 3rd period - Stopped by Logan Thompson with a rebound.
5:42 of 3rd period - Slapshot by Kevin Bahl.
5:42 of 3rd period - Shot Blocked by Jonathan Davidsson.
5:54 of 3rd period - Brett Leason is hit by Keaton Thompson and loses puck.
6:29 of 3rd period - Minor Penalty to Gabriel Vilardi for Holding.
6:30 of 3rd period - Jared McCann wins face-off versus Aleksi Saarela in Eagles zone.
6:35 of 3rd period - Snap shot by Jared McCann.
6:35 of 3rd period - Stopped by Logan Thompson without a rebound.
6:36 of 3rd period - Jared McCann wins face-off versus Aleksi Saarela in Marlies zone.
7:10 of 3rd period - Wrist shot by Alex Formenton.
7:10 of 3rd period - Goal by Alex Formenton - Eagles : 3 - Marlies : 4.
7:11 of 3rd period - Matthew Phillips wins face-off versus Aleksi Saarela in neutral zone.
7:16 of 3rd period - Joel Farabee is hit by Mattias Samuelsson and loses puck.
7:38 of 3rd period - Snap shot by Tyler Benson.
7:38 of 3rd period - Shot Misses the Net.
7:54 of 3rd period - Icing by Jack Hughes.
7:55 of 3rd period - Matthew Highmore wins face-off versus Jack Hughes in Eagles zone.
8:00 of 3rd period - Snap shot by Kole Sherwood.
8:00 of 3rd period - Shot Misses the Net.
8:02 of 3rd period - Slapshot by Rasmus Dahlin.
8:02 of 3rd period - Stopped by Adin Hill with a rebound.
8:04 of 3rd period - Snap shot by Pierre-Olivier Joseph.
8:04 of 3rd period - Shot Blocked by Jack Hughes.
8:08 of 3rd period - Snap shot by Aleksi Saarela.
8:08 of 3rd period - Deflect By Joel Farabee.
8:08 of 3rd period - Shot Misses the Net.
8:08 of 3rd period - Puck is out of play.
8:09 of 3rd period - Aleksi Saarela wins face-off versus Jared McCann in Eagles zone.
8:20 of 3rd period - Snap shot by Gabriel Vilardi.
8:20 of 3rd period - Stopped by Logan Thompson without a rebound.
8:21 of 3rd period - Aleksi Saarela wins face-off versus Michael Carcone in Marlies zone.
8:33 of 3rd period - Off-side.
8:34 of 3rd period - Jack Hughes wins face-off versus Joel Farabee in neutral zone.
8:41 of 3rd period - Slapshot by Jack Hughes.
8:41 of 3rd period - Shot Hit the Post.
9:04 of 3rd period - Snap shot by Sam Steel.
9:04 of 3rd period - Shot Blocked by Dmitri Samorukov.
9:06 of 3rd period - Snap shot by Matthew Phillips.
9:06 of 3rd period - Shot Misses the Net.
9:08 of 3rd period - Wrist shot by Pius Suter.
9:08 of 3rd period - Stopped by Logan Thompson with a rebound.
9:30 of 3rd period - Snap shot by Joel Farabee.
9:30 of 3rd period - Shot Blocked by Kevin Bahl.
10:42 of 3rd period - Snap shot by Alex Formenton.
10:42 of 3rd period - Stopped by Adin Hill with a rebound.
10:44 of 3rd period - Wrist shot by Alex Formenton.
10:44 of 3rd period - Deflect By Kole Sherwood.
10:44 of 3rd period - Stopped by Adin Hill with a rebound.
10:46 of 3rd period - Snap shot by Dmitri Samorukov.
10:46 of 3rd period - Deflect By Alex Formenton.
10:46 of 3rd period - Shot Misses the Net.
10:46 of 3rd period - Puck is out of play.
10:47 of 3rd period - Jared McCann wins face-off versus Mathieu Olivier in Eagles zone.
10:47 of 3rd period - Jared McCann is hit by Mathieu Olivier.
12:57 of 3rd period - Lias Andersson is hit by Max Lajoie and loses puck.
13:20 of 3rd period - Slapshot by Connor Carrick.
13:20 of 3rd period - Stopped by Logan Thompson with a rebound.
13:26 of 3rd period - Keaton Thompson is hit by Elmer Soderblom and loses puck.
13:39 of 3rd period - Otto Koivula is hit by Kevin Bahl and loses puck.
13:58 of 3rd period - Martin Necas is hit by Keaton Middleton and loses puck.
14:07 of 3rd period - Martin Necas is hit by Jared McCann and loses puck.
15:19 of 3rd period - Otto Koivula is hit by Keaton Middleton and loses puck.
15:26 of 3rd period - Zach Aston-Reese is hit by Isac Lundestrom and loses puck.
15:47 of 3rd period - Otto Koivula is hit by Elmer Soderblom and loses puck.
15:58 of 3rd period - Slapshot by Dmitri Samorukov.
15:58 of 3rd period - Shot Blocked by Max Lajoie.
16:09 of 3rd period - Slapshot by Keaton Thompson.
16:09 of 3rd period - Shot Blocked by Zach Aston-Reese.
16:22 of 3rd period - Slapshot by Keaton Thompson.
16:22 of 3rd period - Stopped by Adin Hill with a rebound.
16:24 of 3rd period - Wrist shot by Isac Lundestrom.
16:24 of 3rd period - Shot Blocked by Kevin Bahl.
16:32 of 3rd period - Kevin Bahl is hit by Isac Lundestrom and loses puck.
16:59 of 3rd period - Snap shot by Brett Leason.
16:59 of 3rd period - Stopped by Logan Thompson with a rebound.
17:01 of 3rd period - Wrist shot by Zach Aston-Reese.
17:01 of 3rd period - Shot Blocked by Jonathan Davidsson.
17:03 of 3rd period - Slapshot by Max Lajoie.
17:03 of 3rd period - Shot Blocked by Dennis Gilbert.
17:05 of 3rd period - Wrist shot by Elmer Soderblom.
17:05 of 3rd period - Deflect By Isac Lundestrom.
17:05 of 3rd period - Stopped by Logan Thompson with a rebound.
17:11 of 3rd period - Wrist shot by Zach Aston-Reese.
17:11 of 3rd period - Stopped by Logan Thompson with a rebound.
17:13 of 3rd period - Slapshot by Max Lajoie.
17:13 of 3rd period - Stopped by Logan Thompson with a rebound.
17:15 of 3rd period - Snap shot by Elmer Soderblom.
17:15 of 3rd period - Shot Misses the Net.
17:17 of 3rd period - Snap shot by Brett Leason.
17:17 of 3rd period - Shot Misses the Net.
17:19 of 3rd period - Wrist shot by Zach Aston-Reese.
17:19 of 3rd period - Stopped by Logan Thompson without a rebound.
17:20 of 3rd period - Sam Steel wins face-off versus Matthew Highmore in Marlies zone.
17:45 of 3rd period - Jacob Bernard-Docker is hit by Mattias Samuelsson and loses puck.
18:08 of 3rd period - Keaton Middleton is hit by Tyler Benson.
18:53 of 3rd period - Eagles, Adin Hill is pulled from the net.
19:24 of 3rd period - Snap shot by Gabriel Vilardi.
19:24 of 3rd period - Deflect By Jack Hughes.
19:24 of 3rd period - Stopped by Logan Thompson with a rebound.
19:26 of 3rd period - Snap shot by Michael Carcone.
19:26 of 3rd period - Stopped by Logan Thompson with a rebound.
19:28 of 3rd period - Snap shot by Gabriel Vilardi.
19:28 of 3rd period - Stopped by Logan Thompson without a rebound.
19:29 of 3rd period - Joël Bouchard call a timeout for Eagles.
19:29 of 3rd period - Jack Hughes wins face-off versus Aleksi Saarela in Marlies zone.
19:34 of 3rd period - Slapshot by Gabriel Vilardi.
19:34 of 3rd period - Shot Hit the Post.
19:36 of 3rd period - Snap shot by Gabriel Vilardi.
19:36 of 3rd period - Stopped by Logan Thompson with a rebound.
19:46 of 3rd period - Wrist shot by Michael Carcone.
19:46 of 3rd period - Stopped by Logan Thompson with a rebound.
19:48 of 3rd period - Snap shot by Keaton Middleton.
19:48 of 3rd period - Goal by Keaton Middleton - Eagles : 4 - Marlies : 4.
19:48 of 3rd period - Adin Hill from Eagles was sent back in the game.
19:49 of 3rd period - Matthew Highmore wins face-off versus Sam Steel in neutral zone.
19:58 of 3rd period - Wrist shot by Alex Formenton.
19:58 of 3rd period - Deflect By Matthew Highmore.
19:58 of 3rd period - Stopped by Adin Hill without a rebound.
19:59 of 3rd period - Matthew Highmore wins face-off versus Sam Steel in Eagles zone.
Goals for this period are 2 for Eagles vs 2 for Marlies.
Shots for this period are 21 for Eagles vs 10 for Marlies.

Overtime #1


0:01 of 1st overtime period - Michael Carcone wins face-off versus Aleksi Saarela in neutral zone.
1:00 of 1st overtime period - Wrist shot by Gabriel Vilardi.
1:00 of 1st overtime period - Shot Misses the Net.
1:10 of 1st overtime period - Snap shot by Joel Farabee.
1:10 of 1st overtime period - Shot Misses the Net.
1:12 of 1st overtime period - Slapshot by Rasmus Dahlin.
1:12 of 1st overtime period - Stopped by Adin Hill with a rebound.
1:14 of 1st overtime period - Snap shot by Alex Formenton.
1:14 of 1st overtime period - Stopped by Adin Hill with a rebound.
2:56 of 1st overtime period - Jack Dougherty is hit by Alex Formenton and loses puck.
3:56 of 1st overtime period - Icing by Gabriel Vilardi.
3:57 of 1st overtime period - Joel Farabee wins face-off versus Gabriel Vilardi in Eagles zone.
4:22 of 1st overtime period - Slapshot by Rasmus Dahlin.
4:22 of 1st overtime period - Stopped by Adin Hill without a rebound.
4:23 of 1st overtime period - Aleksi Saarela wins face-off versus Michael Carcone in Eagles zone.
4:52 of 1st overtime period - Michael Carcone is hit by Pierre-Olivier Joseph and loses puck.
Goals for this period are 0 for Eagles vs 0 for Marlies.
Shots for this period are 0 for Eagles vs 3 for Marlies.

ShootOut


5:00 of 1st overtime period - Round #1.
5:00 of 1st overtime period - Eagles, Jack Hughes.
5:00 of 1st overtime period - Snap shot by Jack Hughes.
5:00 of 1st overtime period - Goal by Jack Hughes.
5:00 of 1st overtime period - Marlies, Aleksi Saarela.
5:00 of 1st overtime period - Wrist shot by Aleksi Saarela.
5:00 of 1st overtime period - Stopped by Adin Hill.
5:00 of 1st overtime period - Round #2.
5:00 of 1st overtime period - Eagles, Gabriel Vilardi.
5:00 of 1st overtime period - Wrist shot by Gabriel Vilardi.
5:00 of 1st overtime period - Stopped by Logan Thompson.
5:00 of 1st overtime period - Marlies, Tyler Benson.
5:00 of 1st overtime period - Backhand shot by Tyler Benson.
5:00 of 1st overtime period - Stopped by Adin Hill.
5:00 of 1st overtime period - Round #3.
5:00 of 1st overtime period - Eagles, Jared McCann.
5:00 of 1st overtime period - Deke by Jared McCann.
5:00 of 1st overtime period - Goal by Jared McCann. Output by the SimonT Hockey Simulator (STHS) for Francois Prevost - Original Page W3C HTML5 Valid
Hockey Simulator - Hockey Simulation - Hockey Manager